 Dungeon Crawl Stone Soup version 0.31-a0-278-g485e682e34 (webtiles) character file.

Game seed: 1986856199853212583

376 AdnanSaban the Covered (level 6, -10/38 HPs)
             Began as a Gargoyle Fighter on July 16, 2023.
             Engulfed by a steam dragon's steam (11 damage)
             ... on level 3 of the Dungeon.
             The game lasted 00:03:33 (2343 turns).

AdnanSaban the Covered (Gargoyle Fighter)           Turns: 2343, Time: 00:03:34

Health: -10/38     AC: 12    Str: 22    XL:     6   Next: 73%
Magic:  6/6        EV:  7    Int:  8    God:
Gold:   181        SH: 12    Dex:  9    Spells: 5/5 levels left

rFire   . . .        a - +0 flail
rCold   . . .        m - +0 tower shield
rNeg    + . .        b - +0 scale mail
rPois   ∞            (no helmet)
rElec   +            (no cloak)
rCorr   .            (no gloves)
SInv    .            n - +0 pair of boots
Will    .....        (no amulet) Stlth
                     (no ring)
HPRegen 0.26/turn    (no ring)
MPRegen 0.10/turn

%: no passive effects
@: no status effects
A: sickness immunity, AC +4, negative energy resistance 1, electricity
resistance, torment resistance 1, petrification resistance
a: no special abilities


You were on level 3 of the Dungeon.
You visited 1 branch of the dungeon, and saw 4 of its levels.

You collected 181 gold pieces.

Inventory:

Hand Weapons
 a - a +0 flail (weapon)
Armour
 b - a +0 scale mail (worn)
 m - a +0 tower shield (worn)
 n - a +0 pair of boots (worn)
Jewellery
 k - a ring of positive energy
Scrolls
 c - a scroll of enchant armour {unknown}
 f - a scroll of immolation {unknown}
 h - a scroll of revelation {unknown}
 j - a scroll of amnesia {unknown}
 q - a scroll of identify {unknown}
 s - a scroll of poison {unknown}
Potions
 d - a potion of might
 e - 2 potions of cancellation {unknown}
 g - a potion of lignification {unknown}
 i - 2 potions of mutation {unknown}
 l - 2 potions of attraction {unknown}
 o - a potion of brilliance {unknown}
 p - a potion of heal wounds {unknown}
 r - a potion of curing {unknown}


   Skills:
 + Level 4.3 Fighting
 + Level 4.6 Maces & Flails
 + Level 4.9 Armour
 + Level 4.5 Shields


You had 5 spell levels left.
You didn't know any spells.
Your spell library contained the following spells:

 Spells                   Type           Power      Damage    Failure   Level
 Lesser Beckoning         Tloc           0%         N/A       100%        2
 Gell's Gravitas          Tloc           0%         N/A       100%        3
 Ignite Poison            Fire/Tmut/Pois 0%         N/A       100%        3
 Teleport Other           Tloc           0%         N/A       100%        3
 Sticky Flame             Conj/Fire      0%         2d3       100%        4
 Alistair's Intoxication  Tmut/Pois      0%         N/A       100%        5
 Borgnjor's Vile Clutch   Necr/Erth      0%         N/A       100%        5
 Eringya's Noxious Bog    Tmut/Pois      0%         4d6       100%        6
 Ignition                 Fire           0%         3d3       100%        8


Dungeon Overview and Level Annotations

Branches:
Dungeon (4/15)
 Temple: D:4-7

Altars:
Yredelemnul

Shops:
D:3 ?


Innate Abilities, Weirdness & Mutations

You are immune to sickness and miasma.
Your stone body is resilient. (AC +4)
You are immune to poison.
You resist negative energy. (rN+)
You are resistant to electric shocks. (rElec)
You are resistant to unholy torment.
You are immune to petrification.


Message History

The steam dragon bites you.
* * * LOW HITPOINT WARNING * * *
The steam dragon claws you but does no damage.
You closely miss the steam dragon.
The steam dragon is lightly wounded.
The steam dragon closely misses you. You block the steam dragon's attack.
You closely miss the steam dragon.
The steam dragon is lightly wounded.
The steam dragon bites you but does no damage.
The steam dragon barely misses you. The steam dragon bites you.
* * * LOW HITPOINT WARNING * * *
The steam dragon claws you but does no damage.
You hit the steam dragon.
The steam dragon is lightly wounded.
You block the steam dragon's attack.
The steam dragon claws you but does no damage.
The steam dragon bites you but does no damage.
You block the steam dragon's attack.
The steam dragon attacks as you move away!
The steam dragon bites you.
* * * LOW HITPOINT WARNING * * *
The steam dragon claws you.
* * * LOW HITPOINT WARNING * * *
The steam dragon attacks as you move away!
You block the steam dragon's attack. x2
The steam dragon attacks as you move away!
You block the steam dragon's attack.
The steam dragon claws you but does no damage.
The steam dragon attacks as you move away!
You block the steam dragon's attack. x2
The steam dragon attacks as you move away!
You block the steam dragon's attack.
The steam dragon claws you but does no damage.
The steam dragon breathes steam at you. The ball of steam hits you.
* * * LOW HITPOINT WARNING * * *
You are engulfed in a cloud of scalding steam.
There is a stone staircase leading down here.
You are engulfed in a cloud of scalding steam.
You die...

#..#
##.......###.#
##.###
####........# #.##
#...##
###.....###...#
#..#
###..#####...###.#
#...# ##.####
#####.......###
#.# #..^# #.....
.......###### #.#
#...# ######
.####.### ##>#
#...# # ## #>..#
##..# ##### #
###.#######.@##
#.....##.§##
#####.##D## #....#
##.### ###


You could see a steam dragon.

Vanquished Creatures
  An ogre (D:3)
  A black bear (D:3)
  A howler monkey (D:3)
  2 orc wizards
  3 gnolls (D:2)
  3 adders (D:3)
  A worm (D:2)
  A dart slug (D:1)
  4 orcs
  10 ball pythons
  2 bats
  7 endoplasms
  2 giant cockroaches (D:2)
  3 goblins
  6 hobgoblins
  3 quokkas
  7 frilled lizards
  A kobold (D:1)
  4 rats
62 creatures vanquished.

Notes
Turn   | Place    | Note
-------+----------+-------------------------------------------
     0 | D:1      | AdnanSaban the Gargoyle Fighter began the quest for the
                  | Orb.
     0 | D:1      | Reached XP level 1. HP: 14/14 MP: 1/1
   166 | D:1      | Reached XP level 2. HP: 19/19 MP: 2/2
   600 | D:1      | Reached XP level 3. HP: 23/23 MP: 3/3
  1146 | D:2      | Found a basalt altar of Yredelemnul.
  1277 | D:2      | Reached XP level 4. HP: 17/29 MP: 4/4
  1461 | D:3      | Noticed an ogre
  1546 | D:3      | Reached XP level 5. HP: 32/33 MP: 5/5
  2007 | D:3      | Noticed a black bear
  2012 | D:3      | Killed a black bear
  2013 | D:3      | Reached XP level 6. HP: 32/38 MP: 6/6
  2103 | D:3      | Found a faded altar of an unknown god.
  2263 | D:3      | Found Polinoh's Magic Scroll Emporium.
  2306 | D:4      | Noticed a steam dragon
  2341 | D:3      | HP: 1/38 [steam dragon/ball of steam (4)]
  2343 | D:3      | Engulfed by a steam dragon's steam

Illustrated notes

Levels and vault maps discovered:
D:1:      dpeg_arrival_chambers_temple_mockup, layout_rooms
D:2:      layout_loops_ring, basic_altar, nicolae_kite_square_tiling_tiny
D:3:      layout_rooms, serial_shops, nicolae_shop_trees,
          hellmonk_ecumenical_altar_zigzags, kennysheep_generic_room_12
D:4:      layout_gridville, general_overflow_altar,
          minmay_temple_entry_poolview, st_stairs_7

Skill      XL: |  1  2  3  4  5 |
---------------+----------------+-----
Maces & Flails | 3 4 |  4.6
Armour         | 4 |  4.9
Shields        | 4 |  4.5
Fighting       | 4 |  4.3

Action                     |  1- 3 |  4- 6 || total
---------------------------+-------+-------++-------
  Melee: Flail             |   116 |   118 ||   234
 Armour: Scale mail        |    67 |    85 ||   152
  Dodge: Dodged            |    52 |    42 ||    94
  Block: Buckler           |    27 |       ||    27
         Tower shield      |     5 |    72 ||    77

Table legend: (Time is in decaauts)
 A = Elapsed time spent in this place.
 B = Non-inter-level travel time spent in this place.
 C = Inter-level travel time spent in this place.
 D = Time resting spent in this place.
 E = Time spent auto-exploring this place.
 F = Levels seen in this place.
 G = Mean time per level.
                   A        B        C        D        E       F      G
               +--------+--------+--------+--------+--------+-----+--------+
         Total |   2440 |   2313 |    127 |     74 |   1616 |   4 |  610.0 |
       Dungeon |   2440 |   2313 |    127 |     74 |   1616 |   4 |  610.0 |
               +--------+--------+--------+--------+--------+-----+--------+

Top non-repeatable levels by time:
     D:2: 876 daAuts
     D:3: 790 daAuts
     D:1: 746 daAuts
     D:4: 26 daAuts
